[Event "Titled Tuesday Blitz March 21 Early 2023"]
[White "Tomaszewski, Kacper"]
[Black "Al-Tarboush, Ward"]
[WhiteFideId "1127373"]
[BlackFideId "7601450"]
[WhiteElo "2211"]
[BlackElo "2257"]
[Result "0-1"]
[Round "06"]
[TimeControl "180+2"]
[Date "2023.03.21"]
[WhiteClock "0:00:01"]
[BlackClock "0:00:04"]

1. e4 e6 2. Nf3 d5 3. e5 c5 4. c3 d4 5. b4 dxc3 6. Nxc3 cxb4 7. Ne4 Nc6 8. d4 f5 9. exf6 Nxf6 10. Bg5 Be7 11. Bxf6 Bxf6 12. Bb5 O-O 13. O-O Bd7 14. Nxf6+ Qxf6 15. d5 exd5 16. Qxd5+ Qf7 17. Qxf7+ Kxf7 18. Rfd1 Rad8 19. Rac1 Kg8 20. Ng5 Ne5 21. Bxd7 Rxd7 22. Rxd7 Nxd7 23. Rc7 Nb6 24. Rxb7 Rf5 25. Rb8+ Rf8 26. Rb7 Rc8 27. g3 h6 28. Ne6 Rc6 29. Rxg7+ Kh8 30. Re7 Nd5 31. Re8+ Kh7 32. Nd4 Ra6 33. h4 Rxa2 34. h5 Rd2 35. Ne6 b3 36. Rb8 b2 37. Kg2 Nc3 38. Rb7+ Kg8 39. Rg7+ Kh8 40. Rf7 Rd8 41. Nxd8 b1=Q 42. Rf8+ Kh7 43. Rf7+ Kg8 44. Rxa7 Qe4+ 45. Kh2 Qd4 46. Ra8 Qxf2+ 47. Kh3 Qf5+ 48. Kh2 Qc2+ 49. Kh3 Ne2 50. Ne6+ Kf7 51. Nd8+ Kf6 52. Ra6+ Ke5 53. Nf7+ Kd4 54. Rd6+ Ke3 55. Rxh6 Ng1+ 56. Kg4 Qe4+ 57. Kg5 Nf3+ 58. Kf6 Qd4+ 59. Kg6 Qg4+ 60. Kh7 Qxg3 61. Re6+ Kd2 62. Rg6 Qh3 63. h6 Qd7 64. Kg7 Ne5 0-1


[Site "https://www.chess.com"]

[Event "Titled Tuesday Blitz March 21 Early 2023"]
[White "Kovalevsky, Stanislav"]
[Black "Orlov, Georgi"]
[WhiteFideId "13508598"]
[BlackFideId "2011271"]
[WhiteElo "2174"]
[BlackElo "2611"]
[Result "0-1"]
[Round "06"]
[TimeControl "180+2"]
[Date "2023.03.21"]
[WhiteClock "0:00:18"]
[BlackClock "0:00:22"]

1. c4 Nf6 2. Nc3 e5 3. g3 Nc6 4. Bg2 Bb4 5. e4 Bxc3 6. dxc3 h6 7. Qe2 b6 8. Nf3 a5 9. Nd2 a4 10. Nf1 Ba6 11. Ne3 Na5 12. O-O O-O 13. f4 d6 14. Rd1 Qe8 15. f5 Qc6 16. Ng4 Nxg4 17. Qxg4 f6 18. Bxh6 Rf7 19. Bf1 Bxc4 20. Be3 Bxf1 21. Rxf1 Nc4 22. Bc1 d5 23. exd5 Qxd5 24. Rb1 Rd8 25. b3 axb3 26. axb3 Qc5+ 27. Kh1 Ne3 28. Bxe3 Qxe3 29. Rbd1 Rfd7 30. Rxd7 Rxd7 31. Qh5 Qe4+ 32. Kg1 Rd8 33. Qf3 Qc2 34. b4 e4 35. Qh5 Qxc3 36. Kg2 Qxb4 37. Rf4 Rd2+ 38. Kh3 Qb5 39. Rg4 Qf1+ 40. Kh4 Rxh2# 0-1


[Site "https://www.chess.com"]

[Event "Titled Tuesday Blitz March 21 Early 2023"]
[White "Vedder, Richard"]
[Black "Budrewicz, Krzysztof"]
[WhiteFideId "1004166"]
[BlackFideId "1127950"]
[WhiteElo "2168"]
[BlackElo "2230"]
[Result "0-1"]
[Round "06"]
[TimeControl "180+2"]
[Date "2023.03.21"]
[WhiteClock "0:00:14"]
[BlackClock "0:00:24"]

1. d4 Nf6 2. c4 g6 3. Nc3 Bg7 4. e4 O-O 5. Nf3 d6 6. Be2 Nbd7 7. O-O e5 8. d5 Nc5 9. Qc2 a5 10. Bg5 h6 11. Be3 Bd7 12. Bxc5 dxc5 13. Nxe5 Re8 14. Nd3 Nxe4 15. Nxe4 Rxe4 16. Nxc5 Re8 17. Nxd7 Qxd7 18. Bf3 a4 19. Rae1 Bd4 20. Rd1 Bc5 21. Rfe1 a3 22. b3 Rxe1+ 23. Rxe1 Re8 24. Rxe8+ Qxe8 25. Qe4 Qd8 26. h4 Qf6 27. h5 g5 28. Qc2 b6 29. Be4 Kg7 30. g3 Qe5 31. Kg2 g4 32. Bf5 Qd4 33. Qe2 Kf6 34. Bxg4 Kg7 35. Bd7 Qb2 36. Bg4 Kf6 37. f4 Bd4 38. Bf3 Qa1 39. Kh3 Bb2 40. Qe8 Qxa2 41. Qh8+ Ke7 42. Qxh6 Qb1 43. Qc6 Qf5+ 44. Bg4 Qf6 45. Qxc7+ Kf8 46. Qb8+ Kg7 47. Qa8 Qd4 48. Bf5 Qd1 49. g4 Qf3+ 50. Kh4 Qxf4 51. Qa7 Bf6+ 52. Kh3 Qe3+ 53. Kg2 Qxb3 54. Be6 Qb2+ 55. Kg3 Qe5+ 56. Kg2 Qe4+ 57. Kg3 Be5+ 58. Kf2 Qf4+ 59. Kg2 Qd2+ 60. Kf3 Qd3+ 61. Kg2 Qe2+ 62. Kh3 Qf3+ 63. Kh4 Qg3+ 64. Kg5 Bf6+ 65. Kf5 Qe5# 0-1


[Site "https://www.chess.com"]

[Event "Titled Tuesday Blitz March 21 Early 2023"]
[White "Decuigniere, Tom"]
[Black "Chernov, Mikhail"]
[WhiteFideId "26093820"]
[BlackFideId "24143170"]
[WhiteElo "2312"]
[BlackElo "2113"]
[Result "1-0"]
[Round "06"]
[TimeControl "180+2"]
[Date "2023.03.21"]
[WhiteClock "0:02:17"]
[BlackClock "0:01:34"]

1. c4 c5 2. g3 Nc6 3. Bg2 e5 4. Nc3 g6 5. e3 Bg7 6. Nge2 Nge7 7. O-O d6 8. a3 h5 9. h3 Be6 10. Nd5 Qd7 11. Kh2 h4 12. g4 f5 13. g5 e4 14. Nef4 Kf7 15. f3 exf3 16. Qxf3 Ne5 17. Qe2 Raf8 18. d4 N5c6 19. Nxe7 1-0


[Site "https://www.chess.com"]

[Event "Titled Tuesday Blitz March 21 Early 2023"]
[White "Fernandez Garcia, Gumersindo"]
[Black "MKlose11"]
[WhiteFideId "24516740"]
[WhiteElo "2093"]
[BlackElo "2588"]
[Result "1-0"]
[Round "06"]
[TimeControl "180+2"]
[Date "2023.03.21"]
[WhiteClock "0:00:10"]
[BlackClock "0:00:26"]

1. e4 e6 2. d4 d5 3. Bd3 Be7 4. e5 c5 5. c3 Nc6 6. Ne2 Bd7 7. Nd2 cxd4 8. cxd4 Qb6 9. Nf3 Nb4 10. Bb1 Bb5 11. a3 Qa6 12. Nc3 Nd3+ 13. Bxd3 Bxd3 14. Bg5 h6 15. Bxe7 Nxe7 16. Qd2 O-O 17. Rd1 Bc4 18. Qe3 Nf5 19. Qf4 Rac8 20. g4 Ne7 21. Nd2 Bd3 22. Qe3 f6 23. Nf3 Bc4 24. Nd2 fxe5 25. Nxc4 Qxc4 26. Qxe5 Ng6 27. Qe3 Nh4 28. Kd2 Nf3+ 29. Kc1 Rf6 30. h4 Qc6 31. g5 hxg5 32. hxg5 Rf5 33. g6 Rcf8 34. Rh3 R8f6 35. Rdh1 Kf8 36. Kb1 Ke7 37. Ka1 b5 38. Na2 Qb6 39. Nb4 a5 40. Nc2 b4 41. Rc1 b3 42. Ne1 Qxd4 43. Qxb3 Nxe1 44. Qb7+ Kd6 45. Qc7# 1-0


[Site "https://www.chess.com"]

[Event "Titled Tuesday Blitz March 21 Early 2023"]
[White "Hoffmann, Asa"]
[Black "Koellner, Ruben Gideon"]
[WhiteFideId "2001470"]
[BlackFideId "12993093"]
[WhiteElo "2117"]
[BlackElo "2303"]
[Result "0-1"]
[Round "06"]
[TimeControl "180+2"]
[Date "2023.03.21"]
[WhiteClock "0:00:40"]
[BlackClock "0:01:11"]

1. d4 d6 2. e4 Nf6 3. f3 Nbd7 4. Nc3 e5 5. Nge2 Be7 6. Be3 O-O 7. Qd2 c6 8. O-O-O b5 9. g4 b4 10. Nb1 Qa5 11. a3 d5 12. g5 Nh5 13. Ng3 Nf4 14. Nf5 Bxg5 15. axb4 Qa1 16. h4 Bf6 17. Bxf4 exf4 18. e5 Nxe5 19. dxe5 Bxe5 20. Nd4 a5 21. Re1 f6 22. Rxe5 fxe5 23. Nb3 Qa2 24. bxa5 Qa4 25. Rg1 Bf5 26. Bd3 Bxd3 27. Qxd3 Rf7 28. h5 e4 29. Qc3 exf3 30. h6 g6 31. Qxf3 Qe4 32. N1d2 Qe3 33. Rf1 Rd8 34. Qg4 f3 35. Kb1 f2 36. a6 c5 37. Qd1 c4 38. Na5 Qb6 39. Nb7 Re8 40. Nf3 c3 41. b3 Qxa6 42. Nc5 Qa3 43. Nd3 Ra8 0-1


[Site "https://www.chess.com"]

[Event "Titled Tuesday Blitz March 21 Early 2023"]
[White "Jimenez Jimenez, Leandro"]
[Black "Berezin, Viktor"]
[WhiteFideId "6415253"]
[BlackFideId "14107872"]
[WhiteElo "2263"]
[BlackElo "2310"]
[Result "0-1"]
[Round "06"]
[TimeControl "180+2"]
[Date "2023.03.21"]
[WhiteClock "0:00:05"]
[BlackClock "0:00:08"]

1. d4 Nf6 2. c4 g6 3. Nc3 Bg7 4. e4 O-O 5. f3 d6 6. Be3 b6 7. Nge2 c5 8. Qd2 Nc6 9. d5 Ne5 10. Ng3 h5 11. Be2 e6 12. O-O exd5 13. cxd5 a6 14. a4 Re8 15. h3 Rb8 16. f4 Ned7 17. e5 dxe5 18. f5 Nf8 19. fxg6 fxg6 20. Bg5 N8h7 21. Bh6 e4 22. Bc4 h4 23. Nge2 Kh8 24. Rad1 Bf5 25. d6 Qc8 26. Bxg7+ Kxg7 27. Nf4 e3 28. Qe2 Ng5 29. Bxa6 Qd8 30. Bb5 Re5 31. Nfd5 Qxd6 32. Nxf6 Qxf6 33. Rd7+ Kh6 34. Nd5 Qe6 35. Nf4 Qg8 36. Rc7 Rc8 37. Rb7 Rd8 38. Rd1 Ree8 39. Rxd8 Rxd8 40. Qxe3 Be4 41. Ne2 Bxb7 42. Nc3 Qe6 43. Qf4 Qf5 44. Qc7 Rd1+ 45. Kh2 Qxh3+ 46. gxh3 Rh1# 0-1


[Site "https://www.chess.com"]

[Event "Titled Tuesday Blitz March 21 Early 2023"]
[White "Jakubowska, Anna"]
[Black "Gubajdullin, Alexei"]
[WhiteFideId "1121952"]
[BlackFideId "4141202"]
[WhiteElo "2001"]
[BlackElo "2267"]
[Result "1-0"]
[Round "06"]
[TimeControl "180+2"]
[Date "2023.03.21"]
[WhiteClock "0:00:25"]
[BlackClock "0:00:46"]

1. e4 e5 2. Nf3 Nf6 3. Nxe5 d6 4. Nf3 Nxe4 5. Nc3 Nxc3 6. dxc3 Be7 7. Bf4 O-O 8. Qd2 Nc6 9. O-O-O Be6 10. Kb1 Bf6 11. Nd4 Nxd4 12. cxd4 c5 13. d5 Qb6 14. c3 Bf5+ 15. Ka1 Qa5 16. h3 b5 17. Bxd6 Rfd8 18. Bxc5 Rac8 19. Bb4 Qb6 20. Be2 a5 21. Ba3 Rb8 22. b3 b4 23. Bb2 Rxd5 24. Qxd5 bxc3 25. Qxf5 a4 26. Bc4 axb3 27. Bxb3 Ra8 28. Qd5 Ra5 29. Qxf7+ Kh8 30. Qg8# 1-0


[Site "https://www.chess.com"]

[Event "Titled Tuesday Blitz March 21 Early 2023"]
[White "Fernandez Hernandez, Arturo A."]
[Black "Kozin, Yuri"]
[WhiteFideId "3509230"]
[BlackFideId "4129920"]
[WhiteElo "2393"]
[BlackElo "2531"]
[Result "1-0"]
[Round "06"]
[TimeControl "180+2"]
[Date "2023.03.21"]
[WhiteClock "0:00:14"]
[BlackClock "0:00:04"]

1. e4 c5 2. Nc3 e6 3. Nge2 d6 4. g3 Nf6 5. Bg2 Nc6 6. O-O e5 7. d3 Be7 8. h3 h6 9. Be3 O-O 10. Qd2 Nd4 11. f4 Bd7 12. g4 b5 13. Ng3 b4 14. Nd1 exf4 15. Bxf4 Nh7 16. e5 dxe5 17. Bxe5 Bc6 18. Ne4 Ng5 19. Bxd4 Bxe4 20. Be3 Bxg2 21. Qxg2 Ne6 22. Nf2 Bf6 23. Rab1 a5 24. Ne4 Bd4 25. Bxd4 Qxd4+ 26. Qf2 Qd5 27. Qf5 Qxa2 28. Nxc5 Nxc5 29. Qxc5 Rac8 30. Qf2 Qd5 31. Ra1 b3 32. cxb3 Ra8 33. Qf3 Qd4+ 34. Rf2 f6 35. Ra4 Qc5 36. Rc4 Qe5 37. Kg2 Rab8 38. d4 Qe1 39. Re2 Qd1 40. Re3 Qb1 41. Qe2 Kh8 42. d5 Rbd8 43. Rd4 Rd7 44. Re7 Rxe7 45. Qxe7 Qxb2+ 46. Kf3 Qc3+ 47. Ke2 Rb8 48. Rd3 Qc2+ 49. Ke3 Qc1+ 50. Ke2 Qc2+ 51. Ke3 Qc1+ 52. Ke2 Rc8 53. Qe3 Rc2+ 54. Kf3 Qf1+ 55. Kg3 Rg2+ 56. Kh4 1-0


[Site "https://www.chess.com"]

[Event "Titled Tuesday Blitz March 21 Early 2023"]
[White "Quinones Garcia, Santiago"]
[Black "rikchessmx"]
[WhiteFideId "4408497"]
[WhiteElo "2263"]
[BlackElo "2407"]
[Result "1-0"]
[Round "06"]
[TimeControl "180+2"]
[Date "2023.03.21"]
[WhiteClock "0:01:01"]
[BlackClock "0:00:17"]

1. d4 d5 2. c4 e6 3. Nc3 Nf6 4. Bg5 c6 5. e3 Be7 6. Nf3 O-O 7. Bd3 b6 8. O-O Bb7 9. cxd5 exd5 10. Qc2 Nbd7 11. a3 h6 12. Bh4 Rb8 13. b4 Rc8 14. Bf5 Ne8 15. Bxe7 Qxe7 16. Ne5 Nef6 17. f4 Rc7 18. Rac1 c5 19. bxc5 bxc5 20. Nb5 Rcc8 21. Nxa7 Ra8 22. Nb5 c4 23. Ra1 g6 24. Bxg6 fxg6 25. Qxg6+ Qg7 26. Qc2 Ne4 27. Nc3 Nxe5 28. dxe5 Nxc3 29. Qxc3 Kh8 30. Rf2 Bc6 31. f5 Rxf5 32. Rxf5 d4 33. Qd2 dxe3 34. Qe2 Rg8 35. Ra2 Qd7 36. Rf6 Rxg2+ 37. Qxg2 Bxg2 38. Kxg2 Qd5+ 39. Rf3 c3 40. Re2 1-0


[Site "https://www.chess.com"]

[Event "Titled Tuesday Blitz March 21 Early 2023"]
[White "Harriott, Tyrell"]
[Black "Karas, Marek"]
[WhiteFideId "2086484"]
[BlackFideId "14928558"]
[WhiteElo "2107"]
[BlackElo "2233"]
[Result "1-0"]
[Round "06"]
[TimeControl "180+2"]
[Date "2023.03.21"]
[WhiteClock "0:00:18"]
[BlackClock "0:00:01"]

1. d4 Nf6 2. e3 g6 3. Bd3 Bg7 4. f4 O-O 5. Nf3 d6 6. O-O Nbd7 7. f5 e5 8. fxe6 fxe6 9. Ng5 Qe7 10. Qe1 Nd5 11. Nf3 e5 12. Bc4 Nb6 13. Bb3 Be6 14. e4 Nf4 15. d5 Bd7 16. Nc3 Rf7 17. Be3 Raf8 18. Qd2 h6 19. Kh1 g5 20. Qe1 Ng6 21. Nd2 Rxf1+ 22. Nxf1 g4 23. Ng3 Qh4 24. Qd2 Nf4 25. Nf5 Bxf5 26. exf5 Nh5 27. Kg1 g3 28. h3 Rxf5 29. Bxh6 Nf4 30. Bxg7 Kxg7 31. Re1 Nd7 32. Ne4 Nf6 33. Qe3 Nxe4 34. Qxe4 Rf6 35. c3 Ng6 36. Bc2 Qxe4 37. Bxe4 Nh4 38. Re3 Rf4 39. Rxg3+ Kf6 40. Re3 Nf5 41. Bxf5 Kxf5 42. Rf3 Rxf3 43. gxf3 Kf4 44. Kf2 c6 45. dxc6 bxc6 46. b4 d5 47. a4 a6 48. h4 Kf5 49. Ke3 Kg6 50. c4 d4+ 51. Ke4 1-0


[Site "https://www.chess.com"]

[Event "Titled Tuesday Blitz March 21 Early 2023"]
[White "Avazkhonov, Alikhon"]
[Black "TheKnightOfBosnia"]
[WhiteFideId "14208504"]
[WhiteElo "1739"]
[BlackElo "2525"]
[Result "0-1"]
[Round "06"]
[TimeControl "180+2"]
[Date "2023.03.21"]
[WhiteClock "0:00:04"]
[BlackClock "0:01:09"]

1. d4 Nf6 2. c4 e6 3. Nc3 d5 4. cxd5 exd5 5. Bg5 c6 6. e3 Be7 7. Nf3 O-O 8. Bd3 h6 9. Bh4 Qc7 10. Qc2 a6 11. Bxf6 Bxf6 12. Nxd5 Qa5+ 13. Nc3 c5 14. O-O cxd4 15. Nxd4 Rd8 16. Rfd1 Bg4 17. f3 Bd7 18. Nb3 Qh5 19. Ne4 Be7 20. f4 Bc6 21. Ng3 Qg4 22. Bf5 Rxd1+ 23. Rxd1 Qh4 24. Bh7+ Kh8 25. Nf5 Qf6 26. Nxe7 Qxe7 27. Kh1 g6 28. Bxg6 fxg6 29. Qxg6 Nd7 30. Qxh6+ Qh7 31. Qxh7+ Kxh7 32. Nd4 Be4 33. Ne6 Nf6 34. Ng5+ Kg6 35. Rd6 Re8 36. h3 Kg7 37. Rb6 Bc6 38. Rb3 Nd5 39. Kg1 Nxe3 40. g4 Nd5 41. f5 Re2 42. Ne6+ Kf6 43. Nd4 Rd2 44. Nxc6 bxc6 45. Ra3 Nf4 46. Rxa6 Kg5 47. Rxc6 Kh4 48. Rc3 Ne2+ 49. Kf1 Nxc3 50. bxc3 Rxa2 51. c4 Kxh3 52. f6 Kxg4 53. f7 Ra8 0-1


[Site "https://www.chess.com"]

[Event "Titled Tuesday Blitz March 21 Early 2023"]
[White "Ljukin, Sergei"]
[Black "Jovic, Stanoje"]
[WhiteFideId "14102200"]
[BlackFideId "905020"]
[WhiteElo "2312"]
[BlackElo "2236"]
[Result "0-1"]
[Round "06"]
[TimeControl "180+2"]
[Date "2023.03.21"]
[WhiteClock "0:00:01"]
[BlackClock "0:00:55"]

1. e4 c6 2. d4 d5 3. e5 c5 4. Nf3 Nc6 5. c4 Bg4 6. cxd5 Bxf3 7. Qxf3 Nxd4 8. Qd1 Qxd5 9. Bb5+ Kd8 10. O-O e6 11. Nc3 Qxe5 12. Be3 Bd6 13. g3 g5 14. b4 Ke7 15. bxc5 Bxc5 16. Rc1 Nf6 17. Qa4 Ng4 18. Bxd4 Qxd4 19. Qxd4 Bxd4 20. Ne4 Rac8 21. h3 f5 22. hxg4 fxe4 23. Rfe1 Rxc1 24. Rxc1 e3 25. Rc7+ Kd6 26. Rd7+ Ke5 27. fxe3 Bxe3+ 28. Kg2 a6 29. Bc4 b5 30. Bb3 Bc5 31. Rc7 Kd6 32. Rg7 a5 0-1


[Site "https://www.chess.com"]

[Event "Titled Tuesday Blitz March 21 Early 2023"]
[White "Szyszylo, Rafal"]
[Black "Degenbaev, Aziz"]
[WhiteFideId "1109626"]
[BlackFideId "13802640"]
[WhiteElo "1951"]
[BlackElo "2152"]
[Result "0-1"]
[Round "06"]
[TimeControl "180+2"]
[Date "2023.03.21"]
[WhiteClock "0:00:02"]
[BlackClock "0:00:07"]

1. e4 c5 2. Ne2 d6 3. g3 Nc6 4. Bg2 g6 5. c3 Bg7 6. d4 cxd4 7. cxd4 Qb6 8. d5 Ne5 9. O-O Nf6 10. h3 O-O 11. Nbc3 a6 12. Rb1 Qc7 13. Be3 Nc4 14. Bd4 b5 15. b3 Nb6 16. Rc1 Qb8 17. f4 b4 18. Nb1 e6 19. Rc6 Nbd7 20. dxe6 fxe6 21. Ba1 Ne8 22. Bxg7 Kxg7 23. Nd4 Nc5 24. e5 Bd7 25. exd6 Bxc6 26. Nxc6 Qxd6 27. Qc2 Nf6 28. Rc1 Ncd7 29. Rd1 Qc7 30. Qb2 Rac8 31. Nxb4 Qb6+ 32. Qd4 Qxd4+ 33. Rxd4 Rc1+ 34. Kh2 Rxb1 35. Nxa6 Rb2 36. g4 e5 37. fxe5 Nxe5 38. Kg3 Rxa2 39. Nc5 Rc8 40. Ne6+ Kf7 41. Nf4 Rc3+ 42. Kh4 Rxg2 43. g5 Nf3# 0-1


[Site "https://www.chess.com"]

[Event "Titled Tuesday Blitz March 21 Early 2023"]
[White "Hirneise, Jens"]
[Black "ArtemDyachuk"]
[WhiteFideId "24614734"]
[WhiteElo "2345"]
[BlackElo "2390"]
[Result "1-0"]
[Round "06"]
[TimeControl "180+2"]
[Date "2023.03.21"]
[WhiteClock "0:01:19"]
[BlackClock "0:00:01"]

1. d4 Nf6 2. Bf4 g6 3. e3 Bg7 4. h3 O-O 5. Nf3 d6 6. Be2 Re8 7. Bh2 Nfd7 8. Nc3 c5 9. O-O cxd4 10. exd4 Nc6 11. Re1 Qb6 12. Nd5 Qa5 13. Bc4 e6 14. Ne3 Nb6 15. Bb3 d5 16. Ng4 Na4 17. Rb1 b5 18. c3 Nb6 19. Nfe5 Ne7 20. Qd2 Nf5 21. Bc2 f6 22. Nc6 Qa6 23. Bxf5 gxf5 24. Nh6+ Kh8 25. Nf7+ 1-0


[Site "https://www.chess.com"]

[Event "Titled Tuesday Blitz March 21 Early 2023"]
[White "Meunier-Pion, Jean"]
[Black "Janaszak, Dawid"]
[WhiteFideId "20685327"]
[BlackFideId "1119206"]
[WhiteElo "2124"]
[BlackElo "2220"]
[Result "1-0"]
[Round "06"]
[TimeControl "180+2"]
[Date "2023.03.21"]
[WhiteClock "0:00:02"]
[BlackClock "0:00:01"]

1. d4 Nf6 2. c4 e6 3. g3 c5 4. d5 b5 5. cxb5 Nxd5 6. Bg2 Bb7 7. Nf3 Qa5+ 8. Nc3 Nxc3 9. bxc3 Qxb5 10. O-O Be7 11. Bf4 Qa6 12. h4 O-O 13. h5 d6 14. h6 g6 15. Qd2 Nd7 16. Rfd1 Nf6 17. Bg5 e5 18. Bxf6 Bxf6 19. Qxd6 Rad8 20. Qxc5 Qxe2 21. Re1 Qa6 22. Nxe5 Bxg2 23. Kxg2 Rc8 24. Qb4 Rfe8 25. Ng4 Qc6+ 26. Kh2 Bxc3 27. Rxe8+ Qxe8 28. Qb1 Qe2 29. Kh3 f5 30. Nh2 Qe5 31. Qb3+ Kf8 32. Qa3+ Qc5 33. Qb3 Bxa1 34. Qb7 Qc7 35. Qb4+ Qc5 36. Qb7 Qc7 37. Qb4+ Qe7 38. Qb5 1-0


[Site "https://www.chess.com"]

[Event "Titled Tuesday Blitz March 21 Early 2023"]
[White "Krzywda, Andrzej"]
[Black "Lehtosaari, Mauri"]
[WhiteFideId "1114565"]
[BlackFideId "501999"]
[WhiteElo "2155"]
[BlackElo "2518"]
[Result "0-1"]
[Round "06"]
[TimeControl "180+2"]
[Date "2023.03.21"]
[WhiteClock "0:00:40"]
[BlackClock "0:00:25"]

1. d4 d5 2. c4 c6 3. cxd5 cxd5 4. Bf4 Nf6 5. e3 Nc6 6. Nc3 a6 7. Bd3 Bg4 8. Nf3 e6 9. O-O Bd6 10. Bxd6 Qxd6 11. Qb3 Ra7 12. Ne5 O-O 13. f4 Bf5 14. Be2 Ne4 15. Nxe4 Bxe4 16. Qb6 Qb4 17. Qxb4 Nxb4 18. Rfc1 Nc2 19. Rxc2 Bxc2 20. Rc1 Ba4 21. Rc7 f6 22. Ng4 Bc6 23. Bd3 Raa8 24. f5 Rac8 25. Rxc8 Rxc8 26. fxe6 Re8 27. Bf5 Kf8 28. Bxh7 Rxe6 29. Bf5 Re7 30. Kf2 Bd7 31. Bxd7 Rxd7 32. e4 dxe4 33. Ke3 Rc7 34. Kd2 f5 35. Ne3 g6 36. Nd5 Rd7 37. Nf4 Rxd4+ 38. Ke2 Rd6 39. h4 Ke7 40. Ke3 Kf6 41. a4 Ke5 42. h5 gxh5 43. Nxh5 Rd3+ 44. Ke2 Rb3 45. g3 Rxb2+ 46. Ke3 Rb3+ 47. Ke2 Ra3 48. Nf4 Rxg3 49. Nh5 Rg5 50. a5 Rxh5 51. Kf2 Rh3 52. Kg2 Rd3 53. Kf2 f4 54. Ke2 Kd4 55. Kf2 Ra3 56. Ke2 Ra2+ 57. Kf1 f3 58. Kg1 e3 59. Kh1 Ke4 60. Kg1 Kf4 61. Kh1 Kg3 62. Kg1 Ra1# 0-1


[Site "https://www.chess.com"]

[Event "Titled Tuesday Blitz March 21 Early 2023"]
[White "Sonnenschein, Philipp"]
[Black "Fule, Simon"]
[WhiteFideId "16250877"]
[BlackFideId "787515"]
[WhiteElo "2224"]
[BlackElo "2380"]
[Result "1-0"]
[Round "06"]
[TimeControl "180+2"]
[Date "2023.03.21"]
[WhiteClock "0:00:31"]
[BlackClock "0:00:01"]

1. d4 Nf6 2. c4 d6 3. Nf3 g6 4. g3 Bg7 5. Bg2 O-O 6. O-O Nc6 7. Nc3 e5 8. dxe5 dxe5 9. Qxd8 Rxd8 10. Bg5 Be6 11. b3 h6 12. Be3 e4 13. Nd2 Ng4 14. Ncxe4 Nxe3 15. fxe3 Bxa1 16. Rxa1 f5 17. Nc5 Rxd2 18. Nxe6 Rxe2 19. Nxc7 Rd8 20. Nd5 Kf7 21. Bf3 Rd2 22. h3 b6 23. Kf1 Ne5 24. Be2 Nd7 25. Ke1 Rb2 26. Nc3 Nc5 27. g4 Kf6 28. Rd1 Rxd1+ 29. Kxd1 fxg4 30. hxg4 Nxb3 31. axb3 Rxb3 32. Kc2 Ra3 33. Kb2 Ra5 34. Nd5+ Ke5 35. Bf3 Rc5 36. Be2 Ke4 37. Kb3 a5 38. Bd1 b5 39. Bc2+ Kf3 40. Nb6 Kxe3 41. Bxg6 bxc4+ 42. Nxc4+ 1-0


[Site "https://www.chess.com"]

[Event "Titled Tuesday Blitz March 21 Early 2023"]
[White "Liu, Casper"]
[Black "koncheto"]
[WhiteFideId "1454153"]
[WhiteElo "2221"]
[BlackElo "2509"]
[Result "1-0"]
[Round "06"]
[TimeControl "180+2"]
[Date "2023.03.21"]
[WhiteClock "0:00:46"]
[BlackClock "0:00:02"]

1. d4 Nf6 2. c4 e6 3. Nc3 c5 4. d5 exd5 5. cxd5 d6 6. Bg5 a6 7. a4 g6 8. e3 Bg7 9. Nf3 O-O 10. Be2 Nbd7 11. O-O Re8 12. Nd2 Ne5 13. f4 Ned7 14. Nc4 Nb6 15. e4 Nxc4 16. Bxc4 Qa5 17. e5 Ng4 18. Qf3 dxe5 19. h3 h5 20. hxg4 Bxg4 21. Qf2 e4 22. Qh4 Qb4 23. Ba2 Qxb2 24. Bf6 e3 25. Ne4 Rxe4 26. Bxb2 Bxb2 27. Rae1 e2 28. Rf2 Bd4 29. Qg5 Rae8 30. d6 b5 31. Qxg6+ Kh8 32. Bxf7 R8e6 33. Qg8# 1-0


[Site "https://www.chess.com"]

[Event "Titled Tuesday Blitz March 21 Early 2023"]
[White "Horak, Martin"]
[Black "Mirzanurov, Bulat"]
[WhiteFideId "367095"]
[BlackFideId "4184521"]
[WhiteElo "2091"]
[BlackElo "2019"]
[Result "1-0"]
[Round "06"]
[TimeControl "180+2"]
[Date "2023.03.21"]
[WhiteClock "0:00:03"]
[BlackClock "0:00:14"]

1. d4 d5 2. c4 e6 3. Nf3 Nf6 4. Nc3 c6 5. e3 Nbd7 6. b3 Be7 7. Bb2 O-O 8. Be2 a6 9. O-O dxc4 10. Bxc4 b5 11. Bd3 Bb7 12. Rc1 c5 13. Ne5 cxd4 14. exd4 Nb6 15. Bb1 Nbd5 16. Ne4 g6 17. Re1 Re8 18. Nc5 Bxc5 19. dxc5 Rc8 20. c6 Ba8 21. Qd4 Qd6 22. Nd7 e5 23. Nxf6+ Qxf6 24. Qxd5 Bxc6 25. Qd3 Qg5 26. Qg3 Qh5 27. Rxe5 Rxe5 28. Qxe5 Qxe5 29. Bxe5 Re8 30. Rxc6 Rxe5 31. Rc1 Re2 32. Kf1 Rd2 33. Ke1 Rd6 34. Rc2 Kg7 35. Rd2 Rc6 36. Kd1 Kf6 37. Be4 Re6 38. Bf3 g5 39. h3 Kg6 40. Rc2 Rd6+ 41. Kc1 Kf5 42. Rc5+ Kf4 43. Rc6 Rd7 44. Rxa6 f5 45. Ra5 g4 46. hxg4 fxg4 47. Bd1 h5 48. Rxb5 Rh7 49. Rb4+ Kg5 50. g3 Rf7 51. Rb5+ Kh6 52. Rc5 Rxf2 53. a4 h4 54. gxh4 g3 55. Rc3 g2 56. Rg3 Ra2 57. Kb1 Rd2 58. Bc2 Rf2 59. Kb2 Kh5 60. a5 Kxh4 61. Rg8 Kh3 62. a6 Kh2 63. Rh8+ Kg1 64. a7 Kf1 65. Rg8 Rf8 66. Rxf8+ Ke1 67. Rg8 g1=Q 68. Rxg1+ Kd2 69. Rg2+ Ke3 70. a8=Q Kd4 71. Qd8+ Kc5 72. Rg5+ Kb4 73. Qd4# 1-0


[Site "https://www.chess.com"]

[Event "Titled Tuesday Blitz March 21 Early 2023"]
[White "Shukhman, Anna"]
[Black "Nguyen Hong Nhung"]
[WhiteFideId "54180058"]
[BlackFideId "12412201"]
[WhiteElo "2125"]
[BlackElo "1904"]
[Result "1-0"]
[Round "06"]
[TimeControl "180+2"]
[Date "2023.03.21"]
[WhiteClock "0:01:11"]
[BlackClock "0:00:51"]

1. e4 c5 2. Nf3 e6 3. d4 cxd4 4. Nxd4 Nf6 5. Nc3 Nc6 6. Nxc6 bxc6 7. e5 Nd5 8. Ne4 Bb7 9. c4 Nb4 10. a3 Qa5 11. Bd2 Qxe5 12. f3 Na6 13. Bc3 Qf4 14. g3 Qe3+ 15. Be2 d5 16. cxd5 exd5 17. Bd4 Qh6 18. Qb3 Bc8 19. O-O dxe4 20. fxe4 Qe6 21. Bc4 Nc5 22. Bxe6 Nxb3 23. Bxf7+ Kd8 24. Bxb3 c5 25. Be5 Bg4 26. Bd5 Rc8 27. Bb7 Rc7 28. Bxc7+ Kxc7 29. Rf7+ Kb6 30. Bd5 h5 31. Rb7+ Ka6 32. Rc1 Rh6 33. Rc4 Rb6 34. Ra4+ Kb5 35. Rbxa7 Rb8 36. Bc4+ Kc6 37. R4a6+ Rb6 38. Bd5+ Kb5 39. Ra5# 1-0


[Site "https://www.chess.com"]

[Event "Titled Tuesday Blitz March 21 Early 2023"]
[White "Rom, Jasper"]
[Black "Kostiukov, Alexandr"]
[WhiteFideId "2023733"]
[BlackFideId "14108100"]
[WhiteElo "2233"]
[BlackElo "2202"]
[Result "1-0"]
[Round "06"]
[TimeControl "180+2"]
[Date "2023.03.21"]
[WhiteClock "0:01:44"]
[BlackClock "0:00:15"]

1. e4 c5 2. Nc3 g6 3. f4 Bg7 4. Nf3 Nc6 5. Bb5 Nd4 6. O-O Nxb5 7. Nxb5 Nf6 8. d3 O-O 9. Qe1 d5 10. Nc3 b6 11. Qh4 dxe4 12. dxe4 Bb7 13. f5 gxf5 14. Bh6 fxe4 15. Rad1 Qc7 16. Ng5 Rfd8 17. Rde1 Rd4 18. Bxg7 Kxg7 19. Rxf6 exf6 20. Qxh7+ Kf8 21. Ne6+ 1-0


[Site "https://www.chess.com"]

[Event "Titled Tuesday Blitz March 21 Early 2023"]
[White "Pham, Le Thao Nguyen"]
[Black "Sovetbekova, Nurai"]
[WhiteFideId "12401226"]
[BlackFideId "13801910"]
[WhiteElo "2282"]
[BlackElo "1857"]
[Result "1-0"]
[Round "06"]
[TimeControl "180+2"]
[Date "2023.03.21"]
[WhiteClock "0:00:23"]
[BlackClock "0:00:04"]

1. d4 Nf6 2. Nf3 g6 3. g3 Bg7 4. Bg2 c5 5. c3 O-O 6. O-O Nc6 7. dxc5 Ne4 8. Be3 Na5 9. Nbd2 Nxd2 10. Nxd2 Qc7 11. Rc1 Rd8 12. b4 Nc6 13. Nc4 d6 14. Bf4 Ne5 15. Bxe5 dxe5 16. Qc2 Bf5 17. e4 Be6 18. Ne3 Rd7 19. Nd5 Qd8 20. Rcd1 f5 21. Ne3 f4 22. Nd5 Qf8 23. Rd3 Rad8 24. Rfd1 Qf7 25. h3 fxg3 26. fxg3 Bh6 27. Kh2 Qg7 28. Qa4 a6 29. c6 bxc6 30. Qxc6 Rd6 31. Nxe7+ Qxe7 32. Rxd6 Rxd6 33. Qxd6 Qf6 34. Qd8+ Qxd8 35. Rxd8+ Kf7 36. Bf1 Bd2 37. Rxd2 1-0


[Site "https://www.chess.com"]